Map: Ice and Chrome LE

Players

LiquidClem (Clem) - Winner!

  • Race: Terran Terran
  • League: Grandmaster
  • Spawn Location: 1:00

LiquidMaNa (MaNa)

  • Race: Protoss Protoss
  • League: Grandmaster
  • Spawn Location: 7:00

Event: DreamHack SC2 Masters 2020 Fall

VOD

Have the link to the VOD?

Description

Time

  • Played on: Aug. 30, 2020, 12:18 p.m.
  • Length: 15:43

All games in this series

Show
View Real Time Build Order
Export as new Build Order

LiquidClem Terran - Winner!

Build Orders: 1/1/1 

Get SALT Encoding   

  12  0:00  SCV  
  13  0:12  SCV  
  14  0:17  Supply Depot  
  14  0:24  SCV  
  15  0:38  SCV  
  15  0:39  Barracks  
  15  0:42  Refinery  
  16  0:50  SCV  
  16  0:52  Refinery  
  17  1:02  SCV  
  18  1:07  Supply Depot  
  18  1:15  SCV  
  19  1:26  Reaper  
  19  1:27  Orbital Command  
  20  1:41  Factory  
  20  1:53  SCV  
  21  1:58  Supply Depot, Reaper  
  22  2:05  SCV  
  23  2:18  SCV  
  24  2:25  Hellion  
  24  2:27  Starport  
  26  2:30  SCV  
  26  2:35  Barracks Reactor  
  27  2:42  SCV  
  28  2:46  Widow Mine  
  30  2:55  SCV, Command Center  
  31  3:03  Medivac  
  33  3:08  Widow Mine  
  33  3:09  Supply Depot  
  35  3:17  Armory  
  35  3:21  SCV  
  35  3:22  Marine  
  35  3:25  Marine  
  38  3:33  SCV  
  38  3:34  Medivac  
  41  3:40  Widow Mine  
  43  3:43  Supply Depot  
  43  3:45  Marine  
  43  3:48  Marine  
  45  3:50  SCV  
  46  4:02  SCV, Factory Tech Lab  
  47  4:04  Marine  
  47  4:05  Marine  
  49  4:16  SCV  
  51  4:18  Viking  
  51  4:22  Orbital Command, Marine  
  51  4:23  Marine  
  51  4:28  Cyclone  
  53  4:33  SCV  
  53  4:37  Barracks  
  54  4:40  Marine  
  54  4:41  Marine  
  54  4:45  SCV  
  57  4:47  Barracks  
  57  4:49  SCV  
  58  4:57  SCV  
  58  4:59  Starport Tech Lab  
  59  5:00  Engineering Bay  
  59  5:05  Siege Tank  
  59  5:06  Marine x2  
  62  5:07  SCV  
  62  5:10  SCV  
  64  5:17  Supply Depot  
  64  5:19  SCV, Refinery  
  65  5:22  SCV  
  65  5:27  Terran Infantry Weapons Level 1  
  62  5:30  Starport Reactor  
  62  5:31  SCV  
  62  5:34  SCV  
  62  5:35  Marauder  
  66  5:36  Stimpack  
  66  5:40  Supply Depot  
  66  5:43  SCV  
  66  5:45  Marine  
  66  5:46  SCV  
  69  5:51  Supply Depot, Combat Shield  
  69  5:53  Marine x2  
  69  5:55  SCV  
  69  5:56  Refinery  
  70  5:58  SCV, Factory Reactor  
  70  6:02  Marauder  
  73  6:08  Missile Turret  
  73  6:09  Missile Turret  
  73  6:11  Marauder, Marine x2  
  76  6:15  SCV x2  
  81  6:26  Marauder  
  81  6:28  Supply Depot, Marine, Medivac  
  81  6:29  Marine  
  81  6:31  Medivac  
  87  6:35  Supply Depot, Marauder  
  87  6:37  Widow Mine  
  87  6:39  Widow Mine  
  92  6:41  SCV x2  
  94  6:48  Supply Depot  
  94  6:50  Marine x2  
  94  6:52  Marauder  
  98  6:54  SCV  
  98  6:56  Marauder  
  98  6:57  SCV  
  102  7:10  Command Center  
  102  7:12  Marine x2  
  102  7:14  SCV  
  101  7:21  Widow Mine  
  101  7:23  Medivac x2  
  101  7:27  Marine  
  101  7:28  Marauder  
  103  7:35  SCV  
  101  7:41  Supply Depot  
  101  7:42  Marine x2  
  101  7:43  SCV  
  104  7:45  Concussive Shells, Marauder  
  104  7:46  Factory Reactor  
  104  7:49  Marauder  
  104  7:50  SCV  
  104  7:56  SCV  
  93  8:05  Marine  
  93  8:06  Marine  
  93  8:07  Marauder, Barracks  
  93  8:08  Barracks  
  93  8:11  SCV x2, Marauder  
  101  8:19  Medivac  
  103  8:21  Medivac  
  103  8:23  SCV  
  103  8:25  Widow Mine x2  
  108  8:28  Marauder  
  108  8:29  Terran Infantry Armor Level 1  
  108  8:32  Orbital Command  
  110  8:35  SCV x2  
  110  8:37  Marine x2  
  110  8:40  Marauder  
  112  8:47  SCV  
  117  8:48  Widow Mine x2  
  117  8:49  Marauder  
  117  8:55  Marine x2  
  121  8:56  SCV, Ghost Academy  
  121  9:00  SCV  
  121  9:01  Medivac x2  
  121  9:02  Marauder  
  129  9:08  Barracks Reactor, Barracks Tech Lab  
  129  9:09  SCV  
  130  9:11  SCV, Marauder  
  130  9:12  Supply Depot, Engineering Bay  
  130  9:13  SCV, Refinery  
  130  9:15  Refinery  
  134  9:19  Marine x2  
  134  9:21  SCV  
  134  9:23  Marauder  
  134  9:24  SCV  
  137  9:25  SCV  
  137  9:27  Marauder  
  134  9:32  Marauder  
  136  9:40  Command Center  
  136  9:44  Marauder  
  136  9:45  Marine x2  
  140  9:46  Terran Infantry Weapons Level 2  
  140  9:50  Missile Turret  
  140  9:51  Ghost  
  141  9:55  Widow Mine x2  
  141  9:57  Ghost  
  141  9:58  Supply Depot  
  141  9:59  Marine x2  
  149  10:06  Supply Depot  
  149  10:07  Marine  
  149  10:08  Marine  
  150  10:14  Bunker, Marine  
  150  10:15  Supply Depot  
  150  10:17  Marine x2  
  150  10:20  Marauder  
  159  10:24  Terran Infantry Armor Level 2  
  159  10:25  Marine  
  159  10:26  Supply Depot  
  156  10:31  Marauder  
  156  10:32  Starport  
  156  10:33  Marauder  
  158  10:40  Marine x2  
  158  10:41  Marauder  
  162  10:43  Marine  
  162  10:48  Medivac  
  162  10:52  Marauder  
  162  10:54  Marauder  
  166  10:58  Marine x2  
  166  10:59  Medivac  
  166  11:00  SCV  
  166  11:03  Marauder  
  168  11:11  Marine  
  152  11:12  SCV  
  152  11:14  Marauder  
  152  11:15  Marauder  
  152  11:17  Marine  
  152  11:18  Medivac, Marine  
  151  11:21  Planetary Fortress  
  151  11:24  Marauder, Marine  
  151  11:25  SCV  
  145  11:29  SCV  
  146  11:34  Medivac  
  146  11:35  Marauder, Marine  
  146  11:37  Marauder  
  146  11:38  Marine x2  
  147  11:40  SCV  
  147  11:42  Marine  
  147  11:45  Command Center, Missile Turret  
  147  11:46  Marauder  
  149  11:48  Enhanced Shockwaves  
  149  11:51  SCV  
  149  11:52  Marine  
  145  11:56  Marauder  
  145  11:57  Medivac, Ghost, Marine  
  145  11:59  SCV  
  144  12:04  Marine x2  
  144  12:07  Marauder  
  144  12:08  SCV x2  
  147  12:10  Sensor Tower  
  147  12:14  SCV, Refinery  
  147  12:15  SCV, Refinery  
  146  12:16  Marine x2  
  146  12:18  Marauder  
  150  12:25  SCV  
  150  12:26  SCV  
  152  12:30  Terran Infantry Weapons Level 3  
  152  12:32  Marine x2  
  152  12:33  Marauder  
  156  12:38  Marauder  
  156  12:39  Marauder  
  156  12:41  Marine x2, Barracks  
  156  12:42  Barracks  
  162  12:50  Marine x2  
  163  12:54  Marauder  
  163  12:55  Viking  
  163  12:57  Viking  
  169  12:59  Marauder, Marine x2  
  169  13:00  SCV, Ghost  
  164  13:07  Marine  
  164  13:08  Marine  
  153  13:15  Marauder  
  153  13:17  Marine x2  
  152  13:21  SCV, Marauder  
  152  13:22  SCV x3  
  152  13:25  Marine  
  159  13:28  Marine  
  159  13:29  Marauder  
  159  13:30  Barracks Tech Lab  
  162  13:34  Barracks Tech Lab  
  162  13:36  Command Center  
  162  13:37  Marauder  
  162  13:39  Planetary Fortress  
  164  13:41  Missile Turret  
  164  13:42  Marauder  
  164  13:44  Refinery  
  164  13:45  Marine x2  
  164  13:46  Marine  
  169  13:50  Ghost, Marauder  
  169  13:54  Marine  
  169  13:55  Marauder  
  176  13:58  Marauder  
  176  14:03  Ghost, Marine  
  176  14:06  Liberator x2  
  185  14:12  Marauder  
  185  14:14  Marine  
  185  14:16  Marauder  
  181  14:19  Medivac  
  181  14:20  Marauder x2, Marine  
  181  14:21  Marine  
  181  14:23  Marine  
  182  14:27  Medivac  
  175  14:32  Marauder, Marine  
  175  14:33  Marauder  
  175  14:37  Marauder  
  180  14:38  Marine x2  
  180  14:41  Marauder x2  
  180  14:43  Marine  
  187  14:49  Medivac  
  187  14:50  SCV x2, Command Center  
  187  14:51  SCV  
  192  14:54  Marauder  
  192  14:55  Marauder  
  192  14:56  Medivac  
  192  14:59  Marauder  
  200  15:06  Marine x2  
  199  15:08  Ghost  
  199  15:10  Marine  
  199  15:12  Missile Turret, Marauder, Medivac  
  190  15:14  Marine  
  190  15:15  Marauder, Marine  
  189  15:20  Marauder  
Show
View Real Time Build Order
Export as new Build Order

LiquidMaNa Protoss 

Build Orders: 1 Gate Expand, Oracle Opening 

Get SALT Encoding   

  12  0:00  Probe  
  13  0:12  Probe  
  14  0:16  Pylon  
  14  0:24  Probe (Chrono Boost)  
  15  0:36  Probe (Chrono Boost), Gateway  
  16  0:44  Probe (Chrono Boost)  
  16  0:46  Assimilator  
  17  0:51  Probe  
  18  1:03  Probe  
  19  1:15  Probe  
  20  1:22  Cybernetics Core  
  20  1:33  Nexus  
  20  1:36  Probe  
  21  1:43  Pylon  
  21  1:48  Assimilator  
  21  1:52  Probe  
  22  2:01  Stalker  
  22  2:04  Probe  
  25  2:16  Probe (Chrono Boost)  
  26  2:22  Stargate  
  26  2:28  Probe (Chrono Boost)  
  27  2:30  Warp Gate  
  27  2:36  Probe (Chrono Boost)  
  27  2:39  Stalker  
  30  2:45  Probe (Chrono Boost)  
  30  2:47  Probe (Chrono Boost)  
  30  2:49  Shield Battery  
  31  2:54  Probe (Chrono Boost)  
  31  2:57  Probe (Chrono Boost)  
  33  2:59  Probe (Chrono Boost)  
  34  3:06  Oracle (Chrono Boost)  
  34  3:07  Probe  
  34  3:12  Probe  
  39  3:20  Gateway  
  39  3:29  Probe x2, Pylon  
  39  3:33  Oracle (Chrono Boost)  
  44  3:41  Gateway  
  44  3:44  Probe x2  
  46  3:50  Assimilator  
  46  3:56  Probe x2  
  46  3:59  Pylon  
  48  4:04  Oracle  
  48  4:07  Pylon  
  51  4:12  Probe  
  51  4:17  Probe  
  49  4:18  Stalker  
  51  4:29  Stalker  
  51  4:30  Probe x2 (Chrono Boost)  
  55  4:41  Probe (Chrono Boost), Phoenix  
  55  4:42  Nexus  
  55  4:45  Probe x2 (Chrono Boost)  
  58  4:51  Pylon  
  61  5:00  Stalker  
  62  5:09  Probe x2  
  62  5:11  Phoenix  
  66  5:16  Twilight Council  
  66  5:17  Forge  
  66  5:21  Probe x2  
  68  5:33  Probe x2  
  68  5:36  Pylon  
  68  5:45  Probe x2  
  69  5:50  Protoss Ground Weapons Level 1 (Chrono Boost)  
  69  5:54  Blink  
  69  5:57  Probe x3, Sentry  
  69  5:59  Gateway  
  69  6:01  Gateway  
  69  6:03  Pylon  
  74  6:06  Shield Battery  
  74  6:09  Probe x3  
  77  6:14  Pylon  
  77  6:16  Stalker, Sentry  
  81  6:20  Assimilator  
  81  6:21  Probe  
  81  6:22  Probe x2  
  84  6:33  Probe  
  84  6:34  Probe x2  
  87  6:42  Photon Cannon, Assimilator  
  87  6:44  Photon Cannon  
  87  6:45  Probe  
  87  6:46  Probe, Stalker x3  
  95  6:55  Zealot  
  95  6:56  Gateway  
  95  6:57  Gateway  
  95  6:58  Stalker  
  95  6:59  Gateway  
  99  7:11  Sentry x2  
  99  7:12  Stalker  
  103  7:17  Shield Battery  
  103  7:20  Stalker  
  103  7:22  Zealot  
  105  7:34  Stalker x2  
  105  7:35  Zealot  
  105  7:40  Gateway  
  105  7:44  Zealot x2  
  105  7:51  Zealot  
  109  7:52  Charge (Chrono Boost)  
  109  7:55  Stalker x2, Zealot  
  109  7:57  Probe  
  107  8:00  Probe  
  102  8:06  Probe  
  102  8:10  Probe, Zealot x2  
  102  8:12  Protoss Ground Armor Level 1 (Chrono Boost), Robotics Facility  
  107  8:23  Probe x2  
  107  8:26  Pylon  
  109  8:27  Pylon  
  109  8:34  Pylon  
  109  8:41  Assimilator  
  109  8:43  Pylon, Nexus  
  109  8:44  Pylon  
  109  8:48  Sentry  
  111  8:51  Zealot x3  
  111  8:52  Templar Archives, Zealot x2  
  111  8:53  Zealot x2, Gateway  
  124  8:56  Probe  
  124  8:58  Immortal (Chrono Boost)  
  124  9:00  Zealot  
  131  9:10  Forge  
  131  9:19  Nexus  
  131  9:30  Psionic Storm  
  131  9:31  Warp Prism (Chrono Boost)  
  131  9:36  High Templar x2  
  131  9:38  Protoss Ground Weapons Level 2 (Chrono Boost)  
  137  9:39  Zealot x6  
  149  9:49  Pylon  
  149  9:52  Pylon  
  149  10:04  Pylon  
  149  10:10  High Templar x3  
  151  10:16  Zealot x7  
  163  10:21  Pylon x2  
  163  10:22  Immortal  
  153  10:54  Zealot x10  
  173  10:57  Archon  
  173  11:01  Zealot x4  
  173  11:02  Zealot x3  
  157  11:06  Probe  
  157  11:08  Probe  
  157  11:10  Immortal  
  157  11:11  Probe  
  139  11:17  High Templar x2  
  126  11:18  Probe  
  126  11:24  Archon, Zealot x8  
  118  11:45  Zealot x8  
  118  11:46  Warp Prism  
  126  11:48  Protoss Ground Armor Level 2 (Chrono Boost), Protoss Ground Weapons Level 3 (Chrono Boost)  
  124  12:01  High Templar x2  
  118  12:06  Archon, High Templar x3  
  118  12:07  Sentry, Zealot x3  
  120  12:12  Archon  
  120  12:15  Immortal  
  112  12:21  High Templar  
  114  12:26  Shield Battery  
  114  12:28  Shield Battery, Photon Cannon  
  114  12:29  Zealot x2  
  122  12:35  Photon Cannon  
  122  12:36  High Templar x2  
  126  12:37  High Templar  
  126  12:42  Probe x2  
  126  12:43  Probe, Assimilator  
  131  12:44  Assimilator  
  131  12:49  Stalker x2  
  135  12:54  Stalker  
  135  12:55  Stalker  
  107  13:14  Zealot x8  
  117  13:20  Stalker x2  
  125  13:27  Immortal  
  125  13:34  High Templar x2  
  125  13:35  Zealot x2, High Templar x2  
  137  13:41  Stalker x2  
  141  13:53  Nexus  
  137  14:06  Observer  
  126  14:17  Zealot x9  
  126  14:18  Zealot  
  130  14:29  Immortal (Chrono Boost)  
  106  14:41  High Templar x7  
  116  14:45  Archon  
  116  14:46  Archon x2  
  116  14:47  Stalker, High Templar  
  116  14:49  Stalker  
  120  15:11  Stalker  
  96  15:14  Stalker x6  

Tags
 
Add a new tag
Caveats
  • Supply blocks, unpowered buildings, or Contaminate may cause inaccurate times.
  • Supply counts are checked every 10 seconds.